 Dungeon Sprint DCSS version 0.23-a0-189-gc87c613 (webtiles) character file.

17087 Felrender the Fencer (level 12, -30/127 HPs)
             Began as a Minotaur Fighter on Sept 23, 2018.
             Was the Champion of Trog.
             Annihilated by a stone giant (32 damage)
             ... in the Dungeon (Sprint IX: "|||||||||||||||||||||||||||||").
             The game lasted 00:12:35 (2289 turns).

Felrender the Fencer (Minotaur Fighter)             Turns: 2289, Time: 00:12:36

Health: -30/127    AC: 24    Str: 30    XL:     12   Next: 15%
Magic:  4/11       EV: 17    Int:  8    God:    Trog [******]
Gold:   714        SH:  0    Dex: 16    Spells: 11/11 levels left

rFire    x . .     SeeInvis .   w - +4 quarterstaff (speed)
rCold    + + .     Gourm    .   (shield currently unavailable)
rNeg     . . .     Faith    .   K - +1 ice dragon scales
rPois    .         Spirit   .   (helmet restricted)
rElec    .         Reflect  .   y - scarf {cloud immunity}
rCorr    .         Harm     .   r - +0 pair of gloves
MR       .....     NoTele   +   D - +2 pair of boots of the Assassin {Detection Stab+ Stlth++}
Stlth    +++.......             (no amulet)
HPRegen  0.31/turn              u - +2 ring of protection
MPRegen  0.12/turn              x - ring of Etilas {+Fly Int+3 Slay+3}

@: mighty, agile, berserk cooldown, slowed, very slow
A: retaliatory headbutt, horns 2
a: Berserk, Trog's Hand, Brothers in Arms, Renounce Religion, Evoke Flight


You were in the Dungeon.
You worshipped Trog.
Trog was exalted by your worship.
You were not hungry.

You visited 1 branch You collected 1925 gold pieces.
You spent 1211 gold pieces at shops.

Inventory:

Hand Weapons
 a - a +0 great sword of slicing
 c - a +1 broad axe
 d - a +7 falchion of electrocution
 q - a +2 scimitar of holy wrath
 w - a +4 quarterstaff of speed (weapon)
 B - the +5 demon blade of Indomitability {vamp, rN+ Dex+2}
   (Trog gifted it to you in the Dungeon)

   It inflicts no extra harm, but heals its wielder when it wounds a living foe.
   It affects your dexterity (+2).
   It protects you from negative energy.
 C - a +6 glaive of venom
 E - a +3 great sword of electrocution
 J - the +4 mace of Jibluyssirph {flame, MR+ Int+4}
   (You found it in the Dungeon)

   It has been specially enchanted to burn those struck by it, causing extra
   injury to most foes and up to half again as much damage against particularly
   susceptible opponents.
   It affects your intelligence (+4).
   It affects your resistance to hostile enchantments.
 Q - a +5 antimagic quarterstaff
 R - the +8 falchion of Optimality {slice, +Fly MR+}
   (Trog gifted it to you in the Dungeon)

   It inflicts extra damage upon your enemies.
   It affects your resistance to hostile enchantments.
   It lets you fly.
Missiles
 b - 5 silver tomahawks (quivered)
Armour
 r - a +0 pair of gloves (worn)
 y - a scarf of cloud immunity (worn)
 D - the +2 pair of boots of the Assassin (worn) {Detection Stab+ Stlth++}
   (You bought it in a shop in the Dungeon)

   It makes you much more stealthy.
 K - +1 ice dragon scales (worn)
Magical Staves
 p - an uncursed staff of energy
Jewellery
 u - a +2 ring of protection (left hand)
 v - a +2 ring of protection
 x - the ring of Etilas (right hand) {+Fly Int+3 Slay+3}
   (You found it in the Dungeon)

   [ring of flight]

   It affects your intelligence (+3).
   It affects your accuracy and damage with ranged weapons and melee attacks
   (+3).
   It lets you fly.
 F - an uncursed ring of protection from cold
 G - an uncursed ring of protection from fire
 H - an uncursed ring of ice
 I - an uncursed amulet of regeneration
Wands
 n - a wand of iceblast (21)
Scrolls
 k - 2 scrolls of blinking
 m - 4 scrolls of remove curse
 o - 2 scrolls of amnesia
 z - 4 scrolls of fear
 O - 4 scrolls of enchant armour
 P - a scroll of identify
Potions
 e - 5 potions of curing
 h - a potion of agility
 i - 4 potions of magic
 j - a potion of invisibility
 l - a potion of brilliance
 N - a potion of might
Comestibles
 f - 8 rations


   Skills:
 + Level 18.0 Fighting
 + Level 19.3 Long Blades
 + Level 12.8 Staves
 + Level 17.1 Armour
 + Level 2.8 Dodging
 + Level 1.3 Stealth
   Level 12.3 Shields


You had 11 spell levels left.
You didn't know any spells.
Your spell library was empty.

Dungeon Overview and Level Annotations

Branches:
Dungeon (1/1)

Altars:
Cheibriados
Dithmenos
Elyvilon
Fedhas
Gozag
Hepliaklqana
Kikubaaqudgha
Makhleb
Nemelex Xobeh
Okawaru
Qazlal
Ru
Sif Muna
Trog
Uskayaw
Vehumet
Wu Jian
Xom
Yredelemnul
Zin
The Shining One
Beogh
Jiyva
Lugonu

Shops:
D [*[*


Innate Abilities, Weirdness & Mutations

You reflexively headbutt those who attack you in melee.
You have a pair of horns on your head.


Message History

You headbutt the fire giant!
The fire giant is severely wounded.
The fire giant points at you and mumbles some strange words.
The bolt of fire hits you! The fire burns you terribly!
* * * LOW HITPOINT WARNING * * *
You sock the fire giant!
The fire giant is almost dead.
You feel very mighty all of a sudden.
The fire giant hits you with a great sword of flaming.
* * * LOW HITPOINT WARNING * * *
The fire giant burns you.
* * * LOW HITPOINT WARNING * * *
You bludgeon the fire giant!!
You kill the fire giant!
Trog accepts your kill.
Trog appreciates your killing of a magic user.
Your Fighting skill increases to level 18!
Your Armour skill increases to level 17!
The stone giant hits you!!
You die...

▓....'..[[[...'[..........÷'....
▓.▓▓▓▓▓▓▓▓▓▓▓▓▓▓▓▓▓▓▓▓▓▓▓▓▓▓▓▓▓▓
▓...)...........................
▓▓▓▓▓▓▓▓▓▓▓▓▓▓▓▓▓▓▓▓▓▓▓▓▓▓▓▓▓▓▓▓
▓.........'.....∩)∩.∩.∩))[))'..)
▓.▓▓▓▓▓▓▓▓▓▓▓▓▓▓▓▓▓▓▓▓▓▓▓▓▓▓▓▓▓▓
▓...(...).......................
▓▓▓▓▓▓▓▓▓▓▓▓▓▓▓▓▓▓▓▓▓▓▓▓▓▓▓▓▓▓▓▓
+..hC@()(....())[(.†..
▓▓▓▓▓▓▓▓▓▓▓▓▓▓▓▓▓▓▓▓▓▓


{{{{{{{{ {{{{{{{{ You could see a stone giant and a raiju shaped shifter.

Vanquished Creatures
  A fire giant (D)
  2 stone giants (D)
  A fire dragon (D)
  2 hydras (D)
  A centaur warrior (D)
  A flayed ghost (D)
  9 orc knights (D)
  A cyclops (D)
  A manticore (D)
  Joseph (D)
  Psyche (D)
  2 spiny frogs (D)
  A kobold demonologist (D)
  A tengu conjurer (D)
  A vampire (D)
  A yak (D)
  A wraith (D)
  3 basilisks (D)
  2 wargs (D)
  3 water moccasins (D)
  A porcupine (D)
  14 orc warriors (D)
  6 wolves (D)
  2 ogres (D)
  A centaur (D)
  2 crocodiles (D)
  6 bullfrogs (D)
  A killer bee (D)
  A hound (D)
  7 orc priests (D)
  3 orc wizards (D)
  A worker ant (D)
  2 adders (D)
  2 shadow imps (D)
  9 orcs (D)
  A bat skeleton (D)
  A goblin (D)
  A kobold (D)
  A ball python (D)
  A quokka skeleton (D)
  2 rats (D)
101 creatures vanquished.

Notes
Turn   | Place    | Note
-------+----------+-------------------------------------------
     0 | D        | Felrender the Minotaur Fighter began the quest for the Orb.
     0 | D        | Reached XP level 1. HP: 19/19 MP: 0/0
    26 | D        | Noticed an ogre
    29 | D        | Reached skill level 3 in Long Blades
    29 | D        | Reached XP level 2. HP: 28/28 MP: 1/1
    31 | D        | Killed an ogre
    31 | D        | Reached skill level 4 in Long Blades
    31 | D        | Reached XP level 3. HP: 38/38 MP: 2/2
    31 | D        | Reached XP level 4. HP: 45/45 MP: 3/3
    33 | D        | Reached skill level 5 in Long Blades
    84 | D        | Found a roughly hewn altar of Beogh.
    84 | D        | Found a snail-covered altar of Cheibriados.
    84 | D        | Found a shadowy altar of Dithmenos.
    84 | D        | Found a white marble altar of Elyvilon.
    84 | D        | Found a blossoming altar of Fedhas.
    84 | D        | Found an opulent altar of Gozag.
    85 | D        | Found a hazy altar of Hepliaklqana.
    86 | D        | Found a viscous altar of Jiyva.
    87 | D        | Found an ancient bone altar of Kikubaaqudgha.
    90 | D        | Found a corrupted altar of Lugonu.
    91 | D        | Found a burning altar of Makhleb.
    92 | D        | Found a sparkling altar of Nemelex Xobeh.
    93 | D        | Found an iron altar of Okawaru.
    94 | D        | Found a stormy altar of Qazlal.
    95 | D        | Found a sacrificial altar of Ru.
    96 | D        | Found a deep blue altar of Sif Muna.
    97 | D        | Found a bloodstained altar of Trog.
    98 | D        | Found a hide-covered altar of Uskayaw.
    99 | D        | Found a radiant altar of Vehumet.
   100 | D        | Found an ornate altar of the Wu Jian Council.
   101 | D        | Found a shimmering altar of Xom.
   102 | D        | Found a basalt altar of Yredelemnul.
   103 | D        | Found a glowing silver altar of Zin.
   104 | D        | Found a glowing golden altar of the Shining One.
   105 | D        | Became a worshipper of Trog the Wrathful
   173 | D        | Noticed a bullfrog
   173 | D        | Noticed an orc warrior
   173 | D        | Noticed an ogre
   178 | D        | Killed an ogre
   178 | D        | Reached skill level 6 in Long Blades
   178 | D        | Reached XP level 5. HP: 16/53 MP: 4/4
   183 | D        | Killed an orc warrior
   183 | D        | Reached skill level 7 in Long Blades
   183 | D        | Reached XP level 6. HP: 19/62 MP: 5/5
   184 | D        | Reached * piety under Trog
   191 | D        | Reached skill level 8 in Long Blades
   193 | D        | Reached ** piety under Trog
   423 | D        | Noticed an orc warrior
   423 | D        | Noticed a centaur warrior
   423 | D        | Noticed a cyclops
   431 | D        | Killed a cyclops
   431 | D        | Reached skill level 10 in Fighting
   431 | D        | Reached skill level 10 in Long Blades
   431 | D        | Reached skill level 10 in Armour
   431 | D        | Reached skill level 10 in Shields
   431 | D        | Reached XP level 7. HP: 73/73 MP: 6/6
   436 | D        | Killed a centaur warrior
   436 | D        | Reached skill level 11 in Long Blades
   436 | D        | Reached XP level 8. HP: 83/83 MP: 7/7
   446 | D        | Reached *** piety under Trog
   605 | D        | Got the ring of Etilas {+Fly Int+3 Slay+3}
   621 | D        | Noticed a spiny frog
   630 | D        | Reached skill level 12 in Long Blades
   638 | D        | Reached **** piety under Trog
   647 | D        | Received a gift from Trog
   647 | D        | Reached XP level 9. HP: 76/91 MP: 8/8
   655 | D        | Killed a spiny frog
   655 | D        | Reached skill level 13 in Long Blades
   660 | D        | Reached skill level 1 in Dodging
   665 | D        | Reached ***** piety under Trog
   690 | D        | Noticed a six-headed hydra
   703 | D        | Noticed a six-headed hydra
   708 | D        | Killed a six-headed hydra
   708 | D        | Reached skill level 14 in Long Blades
   708 | D        | Reached skill level 1 in Staves
   715 | D        | Noticed a spiny frog
   720 | D        | Killed a six-headed hydra
   720 | D        | Received a gift from Trog
   720 | D        | Reached skill level 15 in Long Blades
   720 | D        | Reached XP level 10. HP: 98/102 MP: 9/9
   736 | D        | Killed a spiny frog
   736 | D        | Reached skill level 5 in Staves
   948 | D        | Reached ****** piety under Trog
   960 | D        | Received a gift from Trog
  1019 | D        | Noticed Psyche
  1025 | D        | Killed Psyche
  1116 | D        | Received a gift from Trog
  1117 | D        | Got a blackened demon blade {god gift}
  1183 | D        | Identified the +5 demon blade of Indomitability {vamp, rN+
                  | Dex+2} (Trog gifted it to you in the Dungeon)
  1185 | D        | Noticed an orc knight
  1193 | D        | Received a gift from Trog
  1201 | D        | Killed an orc knight
  1201 | D        | Reached skill level 10 in Staves
  1202 | D        | Noticed an orc knight
  1209 | D        | Reached skill level 15 in Fighting
  1224 | D        | Killed an orc knight
  1224 | D        | Reached skill level 16 in Long Blades
  1236 | D        | Received a gift from Trog
  1346 | D        | Found Wikunog's General Store.
  1346 | D        | Noticed an orc knight
  1346 | D        | Noticed an orc knight
  1346 | D        | Noticed an orc knight
  1346 | D        | Noticed an orc knight
  1346 | D        | Noticed an orc knight
  1348 | D        | Noticed an orc knight
  1351 | D        | Killed an orc knight
  1351 | D        | Reached skill level 15 in Armour
  1351 | D        | Reached XP level 11. HP: 96/113 MP: 10/10
  1352 | D        | Found Ilichen's Antique Armour Shop.
  1356 | D        | Killed an orc knight
  1359 | D        | Killed an orc knight
  1361 | D        | Killed an orc knight
  1368 | D        | Killed an orc knight
  1369 | D        | Found Meulalysh's General Store.
  1371 | D        | Killed an orc knight
  1374 | D        | HP: 6/171 [orc warrior/hand axe (11)]
  1378 | D        | Received a gift from Trog
  1755 | D        | Found Tacvek's Antique Armour Shop.
  1758 | D        | Bought a potion of heal wounds for 55 gold pieces
  1760 | D        | Bought an embroidered scarf for 136 gold pieces
  1760 | D        | Bought the +2 pair of boots of the Assassin {Detection
                  | Stab+ Stlth++} for 1020 gold pieces
  1760 | D        | Found the +2 pair of boots of the Assassin {Detection Stab+
                  | Stlth++}
  1761 | D        | Noticed an orc knight
  1775 | D        | Killed an orc knight
  1775 | D        | Reached skill level 17 in Long Blades
  1975 | D        | Noticed Joseph
  1983 | D        | Killed Joseph
  2071 | D        | Got the +4 mace of Jibluyssirph {flame, MR+ Int+4}
  2123 | D        | Received a gift from Trog
  2137 | D        | Reached skill level 1 in Stealth
  2142 | D        | Noticed a stone giant
  2146 | D        | Noticed a flayed ghost
  2147 | D        | Received a gift from Trog
  2159 | D        | Killed a stone giant
  2159 | D        | Reached skill level 18 in Long Blades
  2166 | D        | Got a polished falchion {god gift}
  2171 | D        | Killed a flayed ghost
  2186 | D        | Identified the +8 falchion of Optimality {slice, +Fly MR+}
                  | (Trog gifted it to you in the Dungeon)
  2248 | D        | Noticed a fire dragon
  2249 | D        | Noticed a stone giant
  2252 | D        | Noticed a fire giant
  2253 | D        | Noticed a stone giant
  2263 | D        | Killed a fire dragon
  2272 | D        | Killed a stone giant
  2272 | D        | Received a gift from Trog
  2272 | D        | Reached skill level 19 in Long Blades
  2272 | D        | Reached XP level 12. HP: 87/127 MP: 3/11
  2285 | D        | HP: 6/127 [fire giant/bolt of fire (51)]
  2287 | D        | HP: 2/127 [fire giant/great sword of flaming (5)]
  2288 | D        | Killed a fire giant
  2289 | D        | Annihilated by a stone giant

Vault maps used:
D:        linesprint

Skill      XL: |  1  2  3  4  5  6  7  8  9 10 11 12 |
---------------+-------------------------------------+-----
Fighting       | 4 6 8 10 11 12 13 15 17 18 | 18.0
Armour         | 4 6 8 10 12 14 15 16 17 | 17.1
Shields        | 4 6 7 8 10 11 12 | 12.3
Long Blades    | 3 4 6 7 10 11 12 15 16 19 | 19.3
Dodging        | 1 2 |  2.8
Staves         | 4 11 12 | 12.8
Stealth        | 1 |  1.3

Action                   |  1- 3 |  4- 6 |  7- 9 | 10-12 || total
-------------------------+-------+-------+-------+-------++-------
Melee: Long sword        |    17 |     4 |    32 |       ||    53
       Scimitar          |       |    23 |    28 |       ||    51
       Headbutt          |       |     3 |    18 |    50 ||    71
       Quarterstaff      |       |       |    17 |    72 ||    89
       Demon blade       |       |       |       |    43 ||    43
       Falchion          |       |       |       |    25 ||    25
       Great sword       |       |       |       |    87 ||    87
Invok: Berserk           |       |     1 |     1 |     3 ||     5
       Trog's Hand       |       |     1 |     1 |     2 ||     4
  Use: Potion            |     1 |     3 |     1 |    10 ||    15
       Scroll            |       |       |       |     2 ||     2
  Eat: Chunk             |       |       |     1 |     1 ||     2
       Ration            |       |       |       |     4 ||     4
Armor: Scale mail        |     6 |     1 |       |       ||     7
       Plate armour      |       |     8 |    45 |    88 ||   141
       Ice dragon scales |       |       |       |    15 ||    15
Dodge: Dodged            |     6 |     3 |    20 |    52 ||    81
Block: Shield            |     6 |    13 |    21 |       ||    40
       Rpst.: Long sword |     2 |     1 |     2 |       ||     5
       Scimitar          |       |     1 |     1 |       ||     2
       Great sword       |       |       |       |     3 ||     3

Table legend:
 A = Non-vault XP
 B = Vault XP
 C = Vault XP percentage of total XP
 D = Non-vault monster count
 E = Vault monster count
 F = Vault count percentage of total count
                 A         B        C        D         E       F
            +---------+---------+-------+---------+---------+-------
      Total |       0 |   24410 | 100.0 |       0 |     101 | 100.0
            +---------+---------+-------+---------+---------+-------
          D |       0 |   24410 | 100.0 |       0 |     101 | 100.0
            +---------+---------+-------+---------+---------+-------
